 Dungeon Crawl Stone Soup version 0.30-b1-2-g02819fbbbe (webtiles) character file.

Game seed: 4484478728739127994

9 Alarkh the Trooper (level 2, 24/24 HPs)
             Began as a Demonspawn Chaos Knight on May 21, 2023.
             Was a Plaything of Xom.
             Got out of the dungeon alive.
             The game lasted 00:00:34 (304 turns).

Alarkh the Trooper (Demonspawn Chaos Knight)         Turns: 304, Time: 00:00:34

Health: 24/24      AC:  5    Str: 12    XL:     2   Next: 3%
Magic:  2/2        EV: 11    Int: 13    God:    Xom [..*...]
Gold:   2          SH:  0    Dex: 12    Spells: 1/1 levels left

rFire   . .          .
                       - Unarmed
rCold   . . .        (no shield)
rNeg    . . .        a - +2 leather armour
rPois   .            (no helmet)
rElec   .            (no cloak)
rCorr   .            (no gloves)
SInv    .            (no boots)
Will    .....        (no amulet)
Stlth   +            (no ring)
HPRegen 0.24/turn    (no ring)
MPRegen 0.16/turn

%: no passive effects
@: no status effects
A: magic regeneration
a: Renounce Religion


You escaped.
You worshipped Xom.
You were a toy of Xom.
You visited 1 branch of the dungeon, and saw 1 of its levels.

You collected 44 gold pieces.
You spent 42 gold pieces at shops.

Inventory:

Armour
 a - a +2 leather armour (worn)
 c - a +2 robe of cold resistance
Scrolls
 d - a scroll of teleportation {unknown}
 f - 2 scrolls of identify {unknown}
Potions
 e - a potion of attraction {unknown}
 g - a potion of curing
 h - a potion of lignification {unknown}
Miscellaneous
 b - a piece from Xom's chessboard (15/15) (quivered)


   Skills:
 - Level 3.1 Fighting
 - Level 1.7 Armour
 - Level 1.1 Dodging
 + Level 3.0 Unarmed Combat


You had one spell level left.
You didn't know any spells.
Your spell library contained the following spells:

 Spells                   Type           Power      Damage    Failure   Level
 Sublimation of Blood     Necr           0%         N/A       52%         2
 Petrify                  Tmut/Erth      0%         N/A       98%         4
 Irradiate                Conj/Tmut      0%         3d11      100%        5


Dungeon Overview and Level Annotations

Branches:
Dungeon (1/15)

Altars:

Shops:
D:1 !


Innate Abilities, Weirdness & Mutations

You regenerate magic rapidly.


Message History

No target in view!
No target in view!
No target in view!
No target in view!
No target in view!
No target in view!
No target in view!
No target in view!
You now have 42 gold pieces (gained 15).
You open the door.
Found Otwi's Distillery.
There is an open door here.
There is an entrance to Otwi's Distillery here.
g - a potion of curing Thank you for shopping at Otwi's Distillery!
There is an open door here.
You now have 2 gold pieces.
h - a fizzy amethyst potion
f - 2 scrolls labelled JUTOUTHR SUREPP (gained 1)
A goblin comes into view. It is wielding a +1 dagger of speed.
The goblin shouts!
The goblin closely misses you. The goblin misses you.
You hit the goblin.
The goblin is heavily wounded.
The goblin hits you but does no damage.
You barely miss the goblin. Your punch misses the goblin.
The goblin is heavily wounded.
The goblin hits you but does no damage.
The goblin hits you with a +1 dagger of speed.
You hit the goblin.
You kill the goblin!
You have reached level 2!
Your demonic ancestry asserts itself...
Your magic begins to regenerate rapidly.
Xom is interested.
You see here a +1 dagger of speed.
There is an escape hatch in the floor here.
There is a staircase leading out of the dungeon here.
Are you sure you want to leave the Dungeon?
This will make you lose the game!
You have escaped!

...............
....#..
............... .[..#
..#####...#### #...#
..# #...# #...# ..#
#...# #...#
..#####...# #...#
..........#######...#
....................#
#####........>..@...#
# #...####........# #
#...# #...##...#
#####...####...##...#
....................#
....................#
#####################


There were no monsters in sight!

Vanquished Creatures
  2 bats (D:1)
  2 endoplasms (D:1)
  A giant cockroach (D:1)
  A goblin (D:1)
  2 frilled lizards (D:1)
8 creatures vanquished.

Notes
Turn   | Place    | Note
-------+----------+-------------------------------------------
     0 | D:1      | Alarkh the Demonspawn Chaos Knight began the quest for the
                  | Orb.
     0 | D:1      | Reached XP level 1. HP: 18/18 MP: 1/1
    49 | D:1      | Reached skill level 1 in Dodging
   244 | D:1      | Found Otwi's Distillery.
   247 | D:1      | Bought a potion of curing for 42 gold pieces
   279 | D:1      | Gained mutation: You regenerate magic rapidly. [demonic
                  | ancestry]
   279 | D:1      | Reached XP level 2. HP: 24/24 MP: 2/2
   304 | D:$      | Got out of the dungeon alive.

Illustrated notes

Levels and vault maps discovered:
D:1:      dpeg_arrival_boxorama, layout_loops_ring, serial_shops,
          nicolae_shop_stone, nicolae_shop_behind_doors, shop, minivault_14

Skill      XL: |  1 |
---------------+----+-----
Dodging        | 1 |  1.1
Unarmed Combat | 3 |  3.0
Fighting       | |  3.1
Armour         | |  1.7

Action                     || total
---------------------------++-------
  Melee: Unarmed           ||    25
 Armour: Leather armour    ||     7
  Dodge: Dodged            ||    24
